BSA
CHICAGO MACHINE @ ST. LOUIS BROWNS
08/31/2024
 
TOP OF THE 1ST
Chicago Machine batting - Pitching for St. Louis Browns : RHP Armando Avilés
Pitching: RHP Armando Avilés
Batting: LHB Francisco Vega 0-0: Called Strike
0-1: Foul Ball, location: 2F
0-2: Ball
1-2: Ball
2-2: Ball
3-2: Foul Ball, location: 2F
3-2: Foul Ball, location: 2F
3-2: Base on Balls
Batting: SHB Joaquín López 0-0: Called Strike
0-1: Ball
1-1: DOUBLE (Line Drive, 89M)
Francisco Vega to third
Batting: LHB Luis Sánchez 0-0: Called Strike
0-1: Foul Ball, location: 2F
0-2: Ball
1-2: Ground out 4-3 (Groundball, 4)
Francisco Vega scores
Joaquín López to third
Batting: LHB Bob Smith 0-0: Called Strike
0-1: Foul Ball, location: 2F
0-2: Foul Ball, location: 2F
0-2: Ball
1-2: SINGLE (Groundball, 13) (infield hit)
Batting: RHB Doug Stephens 0-0: Called Strike
0-1: Ball
1-1: Ball
2-1: Swinging Strike
2-2: Strikes out looking
Batting: LHB Marcos Vargas 0-0: Foul Ball, location: 2F
0-1: Called Strike
0-2: Ball
1-2: Ball
2-2: Ball
3-2: Ground out 4-3 (Groundball, 4M)
Top of the 1st over - 1 run(s), 2 hit(s), 0 error(s), 2 left on base; Chicago 1 - St. Louis 0
BOTTOM OF THE 1ST
St. Louis Browns batting - Pitching for Chicago Machine : RHP Kiyomitsu Fujii
Pitching: RHP Kiyomitsu Fujii
Batting: LHB Joe Sanders 0-0: Ball
1-0: Foul Ball, location: 2F
1-1: Swinging Strike
1-2: Ground out 3-1 (Groundball, 3L)
Batting: LHB Mike Hill 0-0: Ground out 4-3 (Groundball, 4)
Batting: LHB Mario García 0-0: Called Strike
0-1: Foul Ball, location: 2F
0-2: Ball
1-2: Ball
2-2: SINGLE (Groundball, 34D)
Batting: LHB Stan Hickman 0-0: Ball
1-0: Ball
2-0: Called Strike
2-1: Called Strike
2-2: Fly out, F7 (Flyball, 78S)
Bottom of the 1st over - 0 run(s), 1 hit(s), 0 error(s), 1 left on base; Chicago 1 - St. Louis 0
TOP OF THE 2ND
Chicago Machine batting - Pitching for St. Louis Browns : RHP Armando Avilés
Batting: RHB Derek Ramsey 0-0: Ball
1-0: Ball
2-0: Foul Ball, location: 2F
2-1: Ball
3-1: Base on Balls
Batting: RHB Roberto Cardona 0-0: 2-RUN HOME RUN (Flyball, 7LD), Distance : 335 ft
Batting: RHB Fabrice Brodeur 0-0: Foul Ball, location: 2F
0-1: Ball
1-1: Foul Ball, location: 2F
1-2: SINGLE (Line Drive, 4D)
Batting: LHB Francisco Vega 0-0: Called Strike
0-1: Ball
1-1: Called Strike
1-2: Grounds into double play, 6-4-3 (Groundball, 6)
Batting: SHB Joaquín López 0-0: Ball
1-0: Foul Ball, location: 2F
1-1: SINGLE (Flyball, 8LS)
Batting: LHB Luis Sánchez 0-0: Called Strike
0-1: Foul Ball, location: 2F
0-2: Ball
1-2: Foul Ball, location: 2F
1-2: Ball
2-2: Ball
3-2: Foul Ball, location: 2F
3-2: Ground out U3 (Groundball, 3)
Top of the 2nd over - 2 run(s), 3 hit(s), 0 error(s), 1 left on base; Chicago 3 - St. Louis 0
BOTTOM OF THE 2ND
St. Louis Browns batting - Pitching for Chicago Machine : RHP Kiyomitsu Fujii
Batting: LHB Jorge Torres 0-0: Called Strike
0-1: Ball
1-1: Foul Ball, location: 2F
1-2: Ball
2-2: Fly out, F6 (Popup, 6M)
Batting: LHB Héctor Núñez 0-0: Foul Ball, location: 2F
0-1: Foul Ball, location: 2F
0-2: Ball
1-2: Ground out 3-1 (Groundball, 34)
Batting: RHB Will Brown 0-0: Swinging Strike
0-1: Ball
1-1: Ball
2-1: DOUBLE (Line Drive, 7LS)
Batting: LHB Víctor Hernández 0-0: DOUBLE (Line Drive, 7LM)
Will Brown scores
Batting: RHB Mario Rosales 0-0: Swinging Strike
0-1: Called Strike
0-2: Foul Ball, location: 2F
0-2: Ball
1-2: Foul Ball, location: 2F
1-2: Foul Ball, location: 2F
1-2: Foul Ball, location: 2F
1-2: Foul Ball, location: 2F
1-2: Fly out, F9 (Flyball, 89M)
Bottom of the 2nd over - 1 run(s), 2 hit(s), 0 error(s), 1 left on base; Chicago 3 - St. Louis 1
TOP OF THE 3RD
Chicago Machine batting - Pitching for St. Louis Browns : RHP Armando Avilés
Batting: LHB Bob Smith 0-0: Foul Ball, location: 2F
0-1: Ball
1-1: Ball
2-1: Foul Ball, location: 2F
2-2: Ground out 4-3 (Groundball, 4)
Batting: RHB Doug Stephens 0-0: Foul Ball, location: 2F
0-1: Foul Ball, location: 2F
0-2: Hit by Pitch
Batting: LHB Marcos Vargas 0-0: Fly out, F4 (Popup, 4D)
Batting: RHB Derek Ramsey 0-0: Ground out 6-3 (Groundball, 6)
Top of the 3rd over - 0 run(s), 0 hit(s), 0 error(s), 1 left on base; Chicago 3 - St. Louis 1
BOTTOM OF THE 3RD
St. Louis Browns batting - Pitching for Chicago Machine : RHP Kiyomitsu Fujii
Batting: LHB Joe Sanders 0-0: Ball
1-0: Ball
2-0: Ball
3-0: Base on Balls
Batting: LHB Mike Hill 0-0: Ball
1-0: Ground out 4-3 (Groundball, 13)
Joe Sanders to second
Batting: LHB Mario García 0-0: Ball
1-0: Called Strike
1-1: Ground out U3 (Groundball, 3L)
Joe Sanders to third
Batting: LHB Stan Hickman 0-0: Swinging Strike
0-1: SINGLE (Groundball, 34)
Joe Sanders scores
Batting: LHB Jorge Torres Pickoff Throw to First - Out!
Bottom of the 3rd over - 1 run(s), 1 hit(s), 0 error(s), 0 left on base; Chicago 3 - St. Louis 2
TOP OF THE 4TH
Chicago Machine batting - Pitching for St. Louis Browns : RHP Armando Avilés
Batting: RHB Roberto Cardona 0-0: Called Strike
0-1: Ball
1-1: Foul Ball, location: 2F
1-2: Ball
2-2: Ground out 1-3 (Groundball, 15)
Batting: RHB Fabrice Brodeur 0-0: Ball
1-0: Ground out 1-3 (Groundball, 15S)
Batting: LHB Francisco Vega 0-0: Foul Ball, location: 2F
0-1: Ball
1-1: Foul Ball, location: 2F
1-2: Strikes out swinging
Top of the 4th over - 0 run(s), 0 hit(s), 0 error(s), 0 left on base; Chicago 3 - St. Louis 2
BOTTOM OF THE 4TH
St. Louis Browns batting - Pitching for Chicago Machine : RHP Kiyomitsu Fujii
Batting: LHB Jorge Torres 0-0: Ball
1-0: Ball
2-0: Called Strike
2-1: Foul Ball, location: 2F
2-2: Ball
3-2: SINGLE (Line Drive, 4MD)
Batting: LHB Héctor Núñez 0-0: Ball
1-0: Swinging Strike
1-1: Called Strike
1-2: Ball
2-2: DOUBLE (Groundball, 5D)
Jorge Torres to third
Batting: RHB Will Brown 0-0: Ball
1-0: Ball
2-0: Foul Ball, location: 2F
2-1: Foul Ball, location: 2F
2-2: Ground out 1-3 (Groundball, 3S)
Batting: LHB Víctor Hernández 0-0: Fly out, F7 (Flyball, 7LD)
Runner from 3rd tags up, SCORES, no throw
Batting: RHB Mario Rosales 0-0: Ball
1-0: Ball
2-0: Ball
3-0: Called Strike
3-1: SINGLE (Groundball, 6M)
Héctor Núñez to third
Runner from 3rd tries for Home, SAFE, no throw or cutoff
Batting: LHB Joe Sanders 0-0: Called Strike
0-1: Fly out, F8 (Flyball, 8LD)
Bottom of the 4th over - 2 run(s), 3 hit(s), 0 error(s), 1 left on base; Chicago 3 - St. Louis 4
TOP OF THE 5TH
Chicago Machine batting - Pitching for St. Louis Browns : RHP Armando Avilés
Batting: SHB Joaquín López 0-0: Called Strike
0-1: Foul Ball, location: 2F
0-2: Ground out 3-1 (Groundball, 34)
Batting: LHB Luis Sánchez 0-0: Ball
1-0: Called Strike
1-1: Swinging Strike
1-2: Ball
2-2: Strikes out swinging
Batting: LHB Bob Smith 0-0: Ball
1-0: SOLO HOME RUN (Flyball, 9D), Distance : 362 ft
Batting: RHB Doug Stephens 0-0: Ball
1-0: Ball
2-0: Called Strike
2-1: Ground out 5-3 (Groundball, 5S)
Top of the 5th over - 1 run(s), 1 hit(s), 0 error(s), 0 left on base; Chicago 4 - St. Louis 4
BOTTOM OF THE 5TH
St. Louis Browns batting - Pitching for Chicago Machine : RHP Kiyomitsu Fujii
Batting: LHB Mike Hill 0-0: Foul Ball, location: 2F
0-1: Reached on error, E4 (Groundball, 34)
Batting: LHB Mario García 0-0: Ball
1-0: Ball
2-0: Ball
3-0: Called Strike
3-1: Swinging Strike
3-2: Base on Balls
Mike Hill to second
Batting: LHB Stan Hickman 0-0: Ball
1-0: Ball
2-0: Foul Ball, location: 2F
2-1: DOUBLE (Flyball, 9D)
Mike Hill scores
Mario García to third
Batting: LHB Jorge Torres 0-0: Ball
1-0: Called Strike
1-1: DOUBLE (Flyball, 8RXD)
Mario García scores
Stan Hickman scores
Pitching: LHP John Lane
Batting: LHB Héctor Núñez 0-0: Ball
1-0: Called Strike
1-1: Ground out U3 (Groundball, 3L)
Jorge Torres to third
Batting: RHB Will Brown 0-0: Ball
1-0: Called Strike
1-1: Fly out, F9 (Flyball, 9S)
Batting: LHB Víctor Hernández 0-0: Swinging Strike
0-1: Ball
1-1: Called Strike
1-2: Ball
2-2: Foul Ball, location: 2F
2-2: Ball
3-2: Ground out 4-3 (Groundball, 4)
Bottom of the 5th over - 3 run(s), 2 hit(s), 1 error(s), 1 left on base; Chicago 4 - St. Louis 7
TOP OF THE 6TH
Chicago Machine batting - Pitching for St. Louis Browns : RHP Armando Avilés
Pitching: RHP John Allan
Batting: LHB Marcos Vargas 0-0: Called Strike
0-1: Ball
1-1: Foul Ball, location: 2F
1-2: Strikes out looking
Batting: RHB Derek Ramsey 0-0: Ball
1-0: Fly out, F8 (Flyball, 78XD)
Batting: RHB Roberto Cardona 0-0: SINGLE (Groundball, 5L)
Batting: RHB Fabrice Brodeur 0-0: Called Strike
Roberto Cardona is caught stealing 2nd base
Top of the 6th over - 0 run(s), 1 hit(s), 0 error(s), 0 left on base; Chicago 4 - St. Louis 7
BOTTOM OF THE 6TH
St. Louis Browns batting - Pitching for Chicago Machine : LHP John Lane
Batting: RHB Mario Rosales 0-0: SINGLE (Line Drive, 8LS)
Batting: LHB Joe Sanders 0-0: Ball
1-0: Ball
2-0: Fly out, F4 (Line Drive, 4)
Batting: LHB Mike Hill 0-0: Ball
1-0: Ball
2-0: Ball
3-0: Called Strike
3-1: DOUBLE (Groundball, 3L)
Mario Rosales to third
Runner from 3rd tries for Home, throw and OUT!
Mike Hill to third
Batting: LHB Mario García 0-0: Ball
1-0: Called Strike
1-1: SINGLE (Flyball, 8RS)
Mike Hill scores
Batting: LHB Stan Hickman 0-0: Ball
1-0: Called Strike
1-1: Called Strike
1-2: Ball
2-2: Strikes out swinging
Bottom of the 6th over - 1 run(s), 3 hit(s), 0 error(s), 1 left on base; Chicago 4 - St. Louis 8
TOP OF THE 7TH
Chicago Machine batting - Pitching for St. Louis Browns : RHP John Allan
Batting: RHB Fabrice Brodeur 0-0: Ball
1-0: Swinging Strike
1-1: Ground out U3 (Groundball, 3L)
Batting: LHB Francisco Vega 0-0: Swinging Strike
0-1: Ground out 6-3 (Groundball, 6)
Batting: SHB Joaquín López 0-0: Ball
1-0: Foul Ball, location: 2F
1-1: Foul Ball, location: 2F
1-2: Ball
2-2: Ball
3-2: Fly out, F1 (Popup, 13S)
Top of the 7th over - 0 run(s), 0 hit(s), 0 error(s), 0 left on base; Chicago 4 - St. Louis 8
BOTTOM OF THE 7TH
St. Louis Browns batting - Pitching for Chicago Machine : LHP John Lane
Batting: LHB Jorge Torres 0-0: Foul Ball, location: 2F
0-1: Called Strike
0-2: Ground out U3 (Groundball, 3S)
Pitching: RHP Jean Burrows
Batting: LHB Héctor Núñez 0-0: Ball
1-0: Ball
2-0: Ball
3-0: Base on Balls
Batting: RHB Will Brown 0-0: Called Strike
0-1: Called Strike
0-2: Ball
1-2: Strikes out looking
Batting: LHB Víctor Hernández 0-0: Called Strike
0-1: Ground out U3 (Groundball, 3S)
Bottom of the 7th over - 0 run(s), 0 hit(s), 0 error(s), 1 left on base; Chicago 4 - St. Louis 8
TOP OF THE 8TH
Chicago Machine batting - Pitching for St. Louis Browns : RHP John Allan
Pitching: RHP António Ojeda
Batting: LHB Luis Sánchez 0-0: Ball
1-0: Ball
2-0: Called Strike
2-1: Ball
3-1: SOLO HOME RUN (Flyball, 9D), Distance : 375 ft
Batting: LHB Bob Smith 0-0: Ball
1-0: Ball
2-0: Foul Ball, location: 2F
2-1: SINGLE (Line Drive, 8RS)
Batting: RHB Doug Stephens 0-0: Foul Ball, location: 2F
0-1: Ball
1-1: Swinging Strike
1-2: Strikes out swinging
Pitching: LHP Keith Hill
Batting: LHB Marcos Vargas 0-0: Ball
1-0: Foul Ball, location: 2F
1-1: Called Strike
1-2: Ball
2-2: Ball
3-2: Fly out, F9 (Line Drive, 9S)
Pitching: RHP Mitsunari Taguchi
Batting: RHB Derek Ramsey 0-0: SINGLE (Line Drive, 9S)
Bob Smith to second
Batting: RHB Roberto Cardona 0-0: Ball
1-0: Ball
2-0: Ball
3-0: Base on Balls
Bob Smith to third
Derek Ramsey to second
Pitching: LHP Brent Miller
Batting: RHB Fabrice Brodeur 0-0: Ball
1-0: Ball
2-0: SINGLE (Groundball, 5D)
Bob Smith scores
Derek Ramsey to third
Roberto Cardona to second
Runner from 3rd tries for Home, SAFE, no throw or cutoff
Pinch Hitting: SHB Luis Muñóz 0-0: Called Strike
0-1: Ball
1-1: Ball
2-1: Called Strike
2-2: Ground out 6-3 (Groundball, 6)
Top of the 8th over - 3 run(s), 4 hit(s), 0 error(s), 2 left on base; Chicago 7 - St. Louis 8
BOTTOM OF THE 8TH
St. Louis Browns batting - Pitching for Chicago Machine : RHP Jean Burrows
Now in RF: Domingo Flores
Batting: RHB Mario Rosales 0-0: Ball
1-0: Ball
2-0: SINGLE (Flyball, 8LS)
Batting: LHB Joe Sanders 0-0: Ball
1-0: Called Strike
1-1: Ball
2-1: Ball
3-1: Ball
Mario Rosales to second
Batting: LHB Mike Hill 0-0: Ball
1-0: Fly out, F4 (Popup, 4D)
Batting: LHB Mario García 0-0: Foul Ball, location: 2F
0-1: Grounds into double play, 4-6-3 (Groundball, 4)
Bottom of the 8th over - 0 run(s), 1 hit(s), 0 error(s), 1 left on base; Chicago 7 - St. Louis 8
TOP OF THE 9TH
Chicago Machine batting - Pitching for St. Louis Browns : LHP Brent Miller
Pinch Hitting: LHB Eric Wheeler 0-0: Ball
1-0: Ball
2-0: Fly out, F9 (Flyball, 89M)
Batting: LHB Luis Sánchez 0-0: Called Strike
0-1: Ball
1-1: Ball
2-1: Called Strike
2-2: Ground out 4-3 (Groundball, 4)
Batting: LHB Bob Smith 0-0: Ball
1-0: Foul Ball, location: 2F
1-1: Ball
2-1: Swinging Strike
2-2: Strikes out swinging
Top of the 9th over - 0 run(s), 0 hit(s), 0 error(s), 0 left on base; Chicago 7 - St. Louis 8
This league is powered by Out of the Park Baseball, the baseball management simulation game for PC, Mac and Linux
Saturday, April 9th, 2016 - OOTP Baseball 16.8 Build 38